 Dungeon Crawl Stone Soup version 0.30-b1-5-g8e6c1be481 (webtiles) character file.

Game seed: 8112485918306938500

696 Silvore the Slasher (level 7, -3/61 HPs)
             Began as a Minotaur Fighter on May 4, 2023.
             Was a Believer of Okawaru.
             Slain by a bullfrog (6 damage)
             ... on level 5 of the Dungeon.
             The game lasted 00:07:00 (3878 turns).

Silvore the Slasher (Minotaur Fighter)              Turns: 3878, Time: 00:07:01

Health: -3/61      AC:  8    Str: 20 (22) XL:     7   Next: 37%
Magic:  21/21      EV: 10    Int:  1 (3)  God:    Okawaru [**....]
Gold:   195        SH:  4    Dex:  9 (10) Spells: 6/6 levels left

rFire   . . .        a - +0 long sword
rCold   . . .        c - +0 buckler
rNeg    . . .        b - +1 scale mail
rPois   .            (helmet restricted)
rElec   .            (no cloak)
rCorr   .            (no gloves)
SInv    .            (no boots)
Will    .....        q
                       - Hermit's Pendant {Faith Invo=14 Evo=0 MP+5} Stlth
                     (no ring)
HPRegen 0.30/turn    (no ring)
MPRegen 0.17/turn

%: clarity, faith
@: silenced
A: horns 2, retaliatory headbutt, clarity, dopey 1
a: Renounce Religion


You were on level 5 of the Dungeon.
You worshipped Okawaru.
Okawaru was pleased with you.
You visited 1 branch of the dungeon, and saw 5 of its levels.

You collected 195 gold pieces.

Inventory:

Hand Weapons
 a - a +0 long sword (weapon)
Armour
 b - a +1 scale mail (worn)
 c - a +0 buckler (worn)
Jewellery
 g - a ring of poison resistance
 q - the Hermit's Pendant (around neck) {Faith Invo=14 Evo=0 MP+5}
   (You found it on level 4 of the Dungeon)

   [amulet of faith]

   Invo=14: It sets your Invocations skill to 14.
   Evo=0: It sets your Evocations skill to 0.
   It allows you to gain divine favour quickly.
   MP:        It affects your magic capacity (+5).
Wands
 m - a wand of flame (28)
Scrolls
 h - 3 scrolls of teleportation
 k - a scroll of enchant armour
 o - a scroll of fear
Potions
 d - a potion of might
 e - a potion of degeneration
 f - a potion of ambrosia {unknown}
 j - 2 potions of attraction
 l - a potion of invisibility {unknown}
 n - a potion of flight {unknown}
 p - a potion of heal wounds {unknown}


   Skills:
 + Level 5.2 Fighting
 + Level 7.2 Long Blades
 + Level 5.0 Armour
 + Level 2.5 Dodging
 + Level 0.5 Stealth
 + Level 4.7 Shields


You had 6 spell levels left.
You didn't know any spells.
Your spell library contained the following spells:

 Spells                   Type           Power      Damage    Failure   Level
 Apportation              Tloc           0%         N/A       93%         1
 Alistair's Intoxication  Tmut/Pois      0%         N/A       100%        5


Dungeon Overview and Level Annotations

Branches:
Dungeon (5/15)
 Temple: D:4-7

Altars:
Okawaru
Uskayaw


Innate Abilities, Weirdness & Mutations

You have a pair of horns on your head.
You reflexively headbutt those who attack you in melee.
You possess an exceptional clarity of mind.
You are dopey. (Int -2)


Message History

The ice beast barely misses you. The water moccasin bites you.
* * * LOW HITPOINT WARNING * * *
You are poisoned.
The water moccasin poisons you!
The bullfrog hits you but does no damage.
You hit the water moccasin.
The water moccasin is almost dead.
You feel very sick. The water moccasin closely misses you.
You furiously retaliate!
You headbutt the water moccasin!
You kill the water moccasin!
Okawaru accepts your kill.
The ice beast hits you but does no damage.
The bullfrog hits you but does no damage.
You feel your strength returning.
Your Armour skill increases to level 5!
The bullfrog attacks as you move away! The bullfrog barely misses you.
You furiously retaliate!
You headbutt the bullfrog.
You feel very sick.
The ice beast hits you but does no damage.
You block the bullfrog's attack. The bullfrog attacks as you move away!
You block the bullfrog's attack. The ice beast attacks as you move away!
You block the ice beast's attack.
You feel sick. The ice beast attacks as you move away!
The ice beast barely misses you. The bullfrog attacks as you move away!
The bullfrog barely misses you. You furiously retaliate!
You headbutt the bullfrog!
You feel sick. The bullfrog hits you.
* * * LOW HITPOINT WARNING * * *
You feel sick.
You feel sick. The bullfrog hits you.
* * * LOW HITPOINT WARNING * * *
There is a stone staircase leading up here.
You feel better. The bullfrog hits you.
* * * LOW HITPOINT WARNING * * *
You closely miss the bullfrog.
The bullfrog is heavily wounded.
The bullfrog misses you. The ice beast barely misses you.
You furiously retaliate!
You headbutt the ice beast! The bullfrog hits you.
You die...

#####.. #~
#....##### #.
###......... ###..
#...........
.....###...........
...................
.....#...##........
.......YF##.....!..
####....@.####.....
+....<.# #####
#......# #>.....#
########


You could see an ice beast and a bullfrog.

Vanquished Creatures
  Grinder (D:3)
  A water moccasin (D:5)
  A killer bee (D:4)
  Ijyb (D:3)
  A sleepcap (D:4)
  Jessica (D:3)
  5 orc wizards
  A gnoll (D:2)
  5 adders
  5 worms
  9 orcs (D:3)
  10 ball pythons
  8 bats
  5 endoplasms
  6 giant cockroaches
  4 hobgoblins
  8 kobolds
  4 quokkas
  6 goblins
  5 rats
87 creatures vanquished.

Notes
Turn   | Place    | Note
-------+----------+-------------------------------------------
     0 | D:1      | Silvore the Minotaur Fighter began the quest for the Orb.
     0 | D:1      | Reached XP level 1. HP: 19/19 MP: 0/0
   161 | D:1      | Reached XP level 2. HP: 27/27 MP: 1/1
   779 | D:2      | Reached skill level 3 in Long Blades
   821 | D:2      | Reached XP level 3. HP: 28/33 MP: 2/2
   863 | D:2      | Reached skill level 1 in Dodging
  1098 | D:2      | Reached XP level 4. HP: 37/41 MP: 3/3
  1190 | D:2      | Found an iron altar of Okawaru.
  1200 | D:2      | Became a worshipper of Warmaster Okawaru
  1606 | D:3      | Found a hide-covered altar of Uskayaw.
  1833 | D:3      | Reached skill level 4 in Long Blades
  1909 | D:3      | Noticed Grinder
  1920 | D:3      | Paralysed by Grinder for 5 turns
  1931 | D:3      | Killed Grinder
  1931 | D:3      | Reached * piety under Okawaru
  1932 | D:3      | Reached skill level 5 in Long Blades
  1932 | D:3      | Reached XP level 5. HP: 16/47 MP: 4/4
  1932 | D:3      | Reached XP level 6. HP: 19/55 MP: 5/5
  2339 | D:3      | Noticed Ijyb
  2346 | D:3      | Killed Ijyb
  2459 | D:3      | Reached skill level 6 in Long Blades
  2621 | D:3      | Noticed Jessica
  2635 | D:3      | Killed Jessica
  2883 | D:4      | Gained mutation: You are dopey. (Int -2) [potion of
                  | mutation]
  2883 | D:4      | Gained mutation: You possess an exceptional clarity of
                  | mind. [potion of mutation]
  2885 | D:4      | HP: 2/55 [something (2)]
  3121 | D:4      | Reached skill level 5 in Fighting
  3261 | D:4      | Reached XP level 7. HP: 61/61 MP: 6/6
  3656 | D:4      | Found a faded altar of an unknown god.
  3656 | D:4      | Found the Hermit's Pendant {Faith Invo=14 Evo=0 MP+5}
  3666 | D:4      | Reached skill level 7 in Long Blades
  3849 | D:5      | Entered Level 5 of the Dungeon
  3871 | D:5      | Reached ** piety under Okawaru
  3872 | D:5      | Reached skill level 5 in Armour
  3876 | D:5      | HP: 3/61 [bullfrog (1)]
  3878 | D:5      | Slain by a bullfrog

Illustrated notes

Levels and vault maps discovered:
D:1:      minmay_arrival_glassed_features, layout_basic
D:2:      minmay_angry_zag, layout_loops_ring, basic_altar, grunt_ministairs_10
D:3:      cheibrodos_old_hovel, layout_loops_corners, amcnicky_altar_gilded,
          chequers_serial_rivers_room_a, uniq_ijyb, uniq_jessica, uniq_grinder
D:4:      layout_gridville, minmay_misc_feat_room,
          hellmonk_guarded_unrand_hermit
D:5:      layout_basic, chequers_serial_rivers_micro_b,
          chequers_serial_rivers_small_b

Skill      XL: |  1  2  3  4  5  6  7 |
---------------+----------------------+-----
Fighting       | 4 5 |  5.2
Shields        | 4 |  4.7
Long Blades    | 3 5 6 7 |  7.2
Dodging        | 1 2 |  2.5
Armour         | 4 5 |  5.0
Stealth        | |  0.5

Action                     |  1- 3 |  4- 6 |  7- 9 || total
---------------------------+-------+-------+-------++-------
  Melee: Long sword        |    88 |   118 |    32 ||   238
         Headbutt          |     8 |    24 |     7 ||    39
    Use: Scroll            |     6 |     6 |     3 ||    15
         Potion            |       |     5 |     3 ||     8
 Armour: Scale mail        |    45 |    61 |    24 ||   130
  Dodge: Dodged            |    58 |    48 |    27 ||   133
  Block: Buckler           |    19 |    23 |    11 ||    53
